 Dungeon Crawl Stone Soup version 0.20.1-1-g8b1a95d (webtiles) character file.

132 slep the Bolt Thrower (level 4, 0/34 HPs)
             Began as a Demonspawn Hunter on Nov 6, 2017.
             Slain by a gnoll
             ... wielding a +2 spear of piercing
              (1 damage)
             ... on level 3 of the Dungeon.
             The game lasted 00:13:46 (1683 turns).

slep the Bolt Thrower (Demonspawn Hunter)           Turns: 1683, Time: 00:13:47

Health: 0/34       AC:  3    Str: 13    XL:     4   Next: 92%
Magic:  4/4        EV: 12    Int: 12    God:
Gold:   131        SH:  0    Dex: 14    Spells: 3/3 levels left

rFire    . . .     SeeInvis .   b - +0 short sword
rCold    . . .     Gourm    .   (no shield)
rNeg     . . .     Faith    .   c - +0 leather armour
rPois    .         Spirit   .   (no helmet)
rElec    .         Reflect  .   (no cloak)
rCorr    .         Harm     .   (no gloves)
MR       .....     Rnd*Tele +   (no boots)
Stlth    +.........             (no amulet)
Regen    0.2/turn               i - ring of teleportation (curse)
MPRegen  0.1/turn               (no ring)

@: no status effects
A: hooves 1, rot immunity
a: no special abilities


You were on level 3 of the Dungeon.
You were not hungry.

You visited 1 branch of the dungeon, and saw 3 of its levels.

You collected 131 gold pieces.

Inventory:

Hand Weapons
 a - a +1 hand crossbow
 b - a +0 short sword (weapon)
Missiles
 d - 3 bolts
Armour
 c - a +0 leather armour (worn)
 m - a +0 pair of gloves
Jewellery
 i - a cursed ring of teleportation (left hand)
Scrolls
 e - a scroll of teleportation {unknown}
 j - 4 scrolls of identify {unknown}
 k - 2 scrolls of fog {unknown}
 o - a scroll of blinking {unknown}
 p - a scroll of enchant weapon {unknown}
 q - a scroll of remove curse {unknown}
Potions
 r - a potion of curing {unknown}
Comestibles
 f - 3 bread rations
 g - 3 royal jellies
 h - 4 chunks of flesh


   Skills:
 + Level 2.8 Fighting
 + Level 0.5 Short Blades
 + Level 5.0 Crossbows
 + Level 0.5 Armour
 + Level 2.3 Dodging
 + Level 0.8 Stealth


You had 3 spell levels left.
You didn't know any spells.

Dungeon Overview and Level Annotations

Branches:
Dungeon (3/15)

Altars:
Kikubaaqudgha
Okawaru


Innate Abilities, Weirdness & Mutations

You have large cloven feet.
You are immune to rotting.


Message History

You completely miss the gnoll. Your kick misses the gnoll.
The gnoll is moderately wounded.
The gnoll hits you from afar with a spear of piercing.
The gnoll hits you with a club. The gnoll closely misses you.
You barely miss the gnoll. Your kick misses the gnoll.
The gnoll is moderately wounded.
The gnoll hits you with a club. The gnoll closely misses you.
You barely miss the gnoll. Your kick misses the gnoll.
The gnoll is moderately wounded.
The gnoll completely misses you.
The gnoll hits you from afar with a spear of piercing.
* * * LOW HITPOINT WARNING * * *
x2 You hit the gnoll but do no damage.
You kick the gnoll.
The gnoll is heavily wounded.
The gnoll closely misses you. The gnoll hits you but does no damage.
You hit the gnoll but do no damage.
The gnoll is heavily wounded.
The gnoll hits you from afar with a spear of piercing.
* * * LOW HITPOINT WARNING * * *
You die...

#### ####..##### #@........#
#g##..###.# #g##..#.#.#
#g##..#...####### ############
#g##..#.#........
#.......g..###................
.##.............................
...........g.#..................
.((..........#.######.##........


You could see 4 gnolls.

Vanquished Creatures
  Terence (D:2)
  An orc wizard (D:3)
  3 adders (D:2)
  An ooze (D:2)
  A worm (D:2)
  A dart slug (D:2)
  A leopard gecko (D:1)
  3 orcs (D:3)
  A giant cockroach (D:2)
  5 goblins (D:2)
  4 hobgoblins
  2 quokkas
  6 bats
  5 frilled lizards
  5 kobolds
  7 rats
47 creatures vanquished.

Notes
Turn   | Place    | Note
-------+----------+-------------------------------------------
     0 | D:1      | slep the Demonspawn Hunter began the quest for the Orb.
     0 | D:1      | Reached XP level 1. HP: 16/16 MP: 1/1
   244 | D:1      | Reached skill level 4 in Crossbows
   457 | D:1      | Gained mutation: You are immune to rotting. [demonic ancestry]
   457 | D:1      | Reached XP level 2. HP: 22/22 MP: 2/2
   703 | D:2      | Gained mutation: You have large cloven feet. [demonic ancestry]
   703 | D:2      | Reached XP level 3. HP: 12/27 MP: 3/3
   851 | D:2      | Noticed Terence
   862 | D:2      | Killed Terence
   862 | D:2      | Reached XP level 4. HP: 19/34 MP: 4/4
  1012 | D:2      | Found an iron altar of Okawaru.
  1119 | D:2      | HP: 1/51 [adder (2)]
  1199 | D:2      | Found an ancient bone altar of Kikubaaqudgha.
  1661 | D:3      | Reached skill level 5 in Crossbows
  1683 | D:3      | HP: 1/34 [gnoll/spear of piercing (5)]
  1683 | D:3      | Slain by a gnoll

Skill      XL: |  1  2  3  4 |
---------------+-------------+-----
Crossbows      | 4 5 |  5.0
Dodging        | 2 |  2.3
Fighting       | |  2.8
Short Blades   | |  0.5
Armour         | |  0.5
Stealth        | |  0.8

Action                   |  1- 3 |  4- 6 || total
-------------------------+-------+-------++-------
Melee: Short sword       |       |    77 ||    77
       Kick              |       |    12 ||    12
 Fire: Hand crossbow     |    74 |    18 ||    92
  Use: Potion            |       |     3 ||     3
  Eat: Chunk             |       |     2 ||     2
Armor: Leather armour    |    12 |    14 ||    26
       Skin              |       |    25 ||    25
Dodge: Dodged            |    25 |    36 ||    61
